 Dungeon Crawl Stone Soup version 0.31.0-12-g77e489cdc1 (webtiles) character file.

Game seed: 10698653896049443673

37 haggar2001 the Trooper (level 3, 0/34 HPs)
             Began as a Minotaur Berserker on Mar 5, 2024.
             Was a Believer of Trog.
             Slain by a goblin
             ... wielding a +0 club
             ... led by Robin
              (2 damage)
             ... on level 2 of the Dungeon.
             The game lasted 00:03:55 (1187 turns).

haggar2001 the Trooper (Minotaur Berserker)         Turns: 1187, Time: 00:03:56

Health: 0/34       AC:  5    Str: 21    XL:     3   Next: 21%
Magic:  2/2        EV: 12    Int:  4    God:    Trog [**....]
Gold:   21         SH:  0    Dex: 11    Spells: 2/2 levels left

rFire   . . .        a - +0 falchion
rCold   . . .        (no shield)
rNeg    . . .        b - +1 animal skin
rPois   .            (helmet restricted)
rElec   .            (no cloak)
rCorr   .            d - +1 pair of gloves
SInv    .            (no boots)
Will    +....        (no amulet)
Stlth   +            e - ring of willpower
HPRegen 0.25/turn    (no ring)
MPRegen 0.08/turn

%: no passive effects
@: no status effects
A: horns 2, retaliatory headbutt
a: Renounce Religion, Berserk, Trog's Hand


You were on level 2 of the Dungeon.
You worshipped Trog.
Trog was pleased with you.
You visited 1 branch of the dungeon, and saw 2 of its levels.

You collected 21 gold pieces.

Inventory:

Hand Weapons
 a - a +0 falchion (weapon)
Armour
 b - a +1 animal skin (worn)
 d - a +1 pair of gloves (worn)
Jewellery
 e - a ring of willpower (left hand)
Potions
 c - a potion of ambrosia {i, unknown}


   Skills:
 + Level 4.3 Fighting
 + Level 4.2 Long Blades
 + Level 2.5 Armour
 + Level 2.7 Dodging


You had 2 spell levels left.
You didn't know any spells.
Your spell library was empty.

Dungeon Overview and Level Annotations

Branches:
Dungeon (2/15)

Altars:
Sif Muna

Annotations:
D:2 Robin


Innate Abilities, Weirdness & Mutations

You have a pair of horns on your head.
You reflexively headbutt those who attack you in melee.


Message History

You barely miss the ball python. You headbutt the ball python.
You kill the ball python!
Trog accepts your kill.
The goblin unwields a +0 club.
The goblin wields a +0 sling.
The goblin shoots a sling bullet.
The sling bullet hits you. The endoplasm freezes you.
You are frozen.
The goblin hits you with a +0 dagger. The goblin hits you but does no damage.
The endoplasm barely misses you.
Things that are here:
a +0 club; a ball python corpse; a goblin corpse You hit the goblin but do no damage.
The endoplasm closely misses you. The goblin hits you with a +0 dagger.
* * * LOW HITPOINT WARNING * * *
The goblin unwields a +0 sling.
The goblin wields a +0 club.
The goblin closely misses you.
You closely miss the goblin.
The goblin is severely wounded.
The kobold closely misses you. The endoplasm freezes you.
You are frozen.
* * * LOW HITPOINT WARNING * * *
The goblin closely misses you.
The endoplasm jiggles.
The hobgoblin closely misses you. The goblin hits you but does no damage.
You closely miss the goblin.
The goblin is severely wounded.
The goblin closely misses you. The kobold barely misses you.
You furiously retaliate!
You headbutt the kobold!
You kill the kobold!
Trog accepts your kill.
You can now call upon Trog for regeneration and willpower.
The endoplasm hits you.
* * * LOW HITPOINT WARNING * * *
Robin throws the goblin at you! The hobgoblin hits you.
* * * LOW HITPOINT WARNING * * *
The goblin hits you but does no damage.
You barely miss the endoplasm. The goblin hits you but does no damage.
The endoplasm closely misses you. The hobgoblin completely misses you.
The goblin hits you with a +0 club.
You die...

.#.......!#
..........# #### .
#........##..... ..
#...............
...##................
...........$........
#.)Jg............
#.g@g............
#.Jg).....[......
####................
..........)$.......#
.#....._...#......#
.###......†##†.#####
..#........†......#
..........)......#
.....$.<#..†.....#


You could see Robin, 2 endoplasms, a hobgoblin (strong) and 2 goblins.

Vanquished Creatures
  2 dart slugs
  A ball python (D:2)
  5 endoplasms
  7 goblins
  6 hobgoblins
  A quokka (D:1)
  2 bats (D:2)
  2 kobolds (D:2)
  A rat (D:2)
27 creatures vanquished.

Notes
Turn   | Place    | Note
-------+----------+-------------------------------------------
     0 | D:1      | haggar2001 the Minotaur Berserker began the quest for the
                  | Orb.
     0 | D:1      | Reached XP level 1. HP: 19/19 MP: 0/0
   220 | D:1      | Found a faded altar of an unknown god.
   269 | D:1      | Reached XP level 2. HP: 5/27 MP: 1/1
  1127 | D:2      | Found a shimmering blue altar of Sif Muna.
  1175 | D:2      | Reached XP level 3. HP: 24/33 MP: 2/2
  1177 | D:2      | Noticed Robin
  1186 | D:2      | Reached ** piety under Trog
  1187 | D:2      | Slain by a goblin

Illustrated notes

Levels and vault maps discovered:
D:1:      dpeg_arrival_round_b, layout_basic, chequers_ecumenical_altar_island,
          minmay_pentomino_x2
D:2:      layout_rooms, basic_altar, minmay_strange_pillars, uniq_robin

Skill      XL: |  1  2 |
---------------+-------+-----
Long Blades    | 4 |  4.2
Fighting       | 4 |  4.3
Armour         | |  2.5
Dodging        | |  2.7

Action                     || total
---------------------------++-------
  Melee: Falchion          ||    60
         Headbutt          ||    14
    Use: Scroll            ||     3
         Potion            ||     2
 Armour: Animal skin       ||    49
  Dodge: Dodged            ||    65
